 Dungeon Crawl Stone Soup version 0.27.1-33-g824d729ab1 (webtiles) character file.

Game seed: 8983760699020039115

420 Atelerd the Gusty (level 6, -2/32 HPs)
             Began as a Tengu Air Elementalist on Dec 31, 2021.
             Slain by a yak (4 damage)
             ... on level 4 of the Dungeon.
             The game lasted 00:03:49 (3308 turns).

Atelerd the Gusty (Tengu Air Elementalist)          Turns: 3308, Time: 00:03:50

Health: -2/32      AC:  2    Str:  8    XL:     6   Next: 94%
Magic:  3/13       EV: 14    Int: 17    God:
Gold:   103        SH:  0    Dex: 15    Spells: 10/13 levels left

rFire    . . .     SeeInvis .   j - +0 short sword (protect)
rCold    . . .     Faith    .   (no shield)
rNeg     . . .     Spirit   .   a - +0 robe
rPois    .         Reflect  .   (helmet restricted)
rElec    .         Harm     .   (no cloak)
rCorr    .         Rampage  .   (no gloves)
Will     .....                  (boots unavailable)
Stlth    ++........             l - amulet of regeneration
HPRegen  1.10/turn              (no ring)
MPRegen  0.13/turn              (no ring)

@: flying quickly and evasively, quick
A: beak, talons 3, nimble flight
a: no special abilities


You were on level 4 of the Dungeon.
You visited 1 branch of the dungeon, and saw 4 of its levels.

You collected 103 gold pieces.

Inventory:

Hand Weapons
 j - a +0 short sword of protection (weapon)
Armour
 a - a +0 robe (worn)
Jewellery
 l - an amulet of regeneration (around neck)
Scrolls
 c - 3 scrolls of identify {unknown}
 d - a scroll of amnesia {unknown}
 f - 3 scrolls of holy word {unknown}
 g - a scroll of silence {unknown}
 h - a scroll of enchant armour {unknown}
 i - a scroll of immolation {unknown}
 m - a scroll of fear {unknown}
 o - a scroll of acquirement {unknown}
 p - a scroll of magic mapping {unknown}
Potions
 b - a potion of curing {unknown}
 e - a potion of degeneration {unknown}
 k - a potion of attraction {unknown}
 n - a potion of heal wounds {unknown}


   Skills:
 - Level 2.1 Dodging
 - Level 2.0 Stealth
 + Level 4.0 Spellcasting
 + Level 5.3 Conjurations
 + Level 6.6 Air Magic


You had 10 spell levels left.
You knew the following spells:

 Your Spells              Type           Power      Damage    Failure   Level
a - Shock                 Conj/Air       92%        1d8       1%          1
s - Static Discharge      Conj/Air       23%        N/A       1%          2

Your spell library contained the following spells:

 Spells                   Type           Power      Damage    Failure   Level
 Swiftness                Air            25%        N/A       3%          3
 Airstrike                Air            12%        N/A       11%         4


Dungeon Overview and Level Annotations

Branches:
Dungeon (4/15)
 Temple: D:4-7

Altars:


Innate Abilities, Weirdness & Mutations

You have a beak for a mouth.
You have claws for feet.
Your magical nature lets you fly swiftly and evasively.


Message History

Aiming: Shock (safe; 1% risk of failure)
Press: ? - help, Shift-Dir - straight line, f/p - yak
Aim: a yak (heavily wounded, 84% to hit)
The zap misses the yak.
Casting: Shock (safe; 1% risk of failure)
Confirm with . or Enter, or press ? or * to list all spells.
Aiming: Shock (safe; 1% risk of failure)
Press: ? - help, Shift-Dir - straight line, f/p - yak
Aim: a yak (heavily wounded, 84% to hit)
The zap misses the yak.
You see here a +0 dagger.
Casting: Shock (safe; 1% risk of failure)
Confirm with . or Enter, or press ? or * to list all spells.
The yak is struck by an arc of lightning.
The yak is severely wounded.
You are struck by an arc of lightning.
The yak is struck by an arc of lightning.
The yak is severely wounded.
The lightning grounds out.
The yak gores you.
You barely miss the yak.
The yak is severely wounded.
The yak closely misses you.
You closely miss the yak. You claw the yak! You peck the yak.
You kill the yak!
Your Spellcasting skill increases to level 4!
Your Conjurations skill increases to level 5!
You start resting.
HP restored.
(D) Dungeon
Where to? (Enter - D:4, ? - help)
What level of the Dungeon? (default 1, ? - help)
There is a stone staircase leading down here.
You fly downwards.
The yak closely misses you. The yak gores you. The yak completely misses you.
There is a stone staircase leading up, spattered with blood here.
Unknown command.
The yak gores you! x2
* * * LOW HITPOINT WARNING * * *
The yak gores you.
You die...

#### ..#######
#######>Y......
#.)..oY@#
#.###.#Y# ..
#.. $.# #... #.
...## # ...#
.... .#..#


You could see 3 yaks and an orc.

Vanquished Creatures
  2 yaks (D:3)
  Terence (D:2)
  5 adders
  A worm (D:2)
  A dart slug (D:1)
  3 bats
  5 endoplasms
  3 giant cockroaches
  5 goblins
  4 hobgoblins
  4 jackals (D:2)
  3 kobolds
  A quokka (D:1)
  5 ball pythons
  5 frilled lizards
  7 rats
55 creatures vanquished.

Notes
Turn   | Place    | Note
-------+----------+-------------------------------------------
     0 | D:1      | Atelerd the Tengu Air Elementalist began the quest for the
                  | Orb.
     0 | D:1      | Reached XP level 1. HP: 10/10 MP: 4/4
   118 | D:1      | Found a faded altar of an unknown god.
   180 | D:1      | Reached XP level 2. HP: 15/15 MP: 0/6
   926 | D:1      | Learned a level 2 spell: Static Discharge
  1198 | D:2      | Reached XP level 3. HP: 17/19 MP: 0/7
  1766 | D:2      | Reached XP level 4. HP: 24/24 MP: 3/9
  2072 | D:2      | Noticed Terence
  2093 | D:2      | Killed Terence
  2094 | D:2      | Reached skill level 5 in Air Magic
  2707 | D:3      | Gained mutation: Your magical nature lets you fly swiftly
                  | and evasively. [Tengu growth]
  2707 | D:3      | Reached XP level 5. HP: 28/28 MP: 4/10
  3112 | D:4      | Noticed a yak
  3112 | D:4      | Noticed a yak
  3112 | D:4      | Noticed a yak
  3112 | D:4      | Noticed a yak
  3112 | D:4      | Noticed a yak
  3249 | D:3      | Killed a yak
  3250 | D:3      | Reached skill level 6 in Air Magic
  3250 | D:3      | Reached XP level 6. HP: 32/32 MP: 1/12
  3291 | D:3      | Killed a yak
  3292 | D:3      | Reached skill level 5 in Conjurations
  3308 | D:4      | Slain by a yak

Illustrated notes

Levels and vault maps discovered:
D:1:      sevenhm_arrival_forest_fort_large_4, layout_loops_cross,
          hellmonk_ecumenical_altar_arch_garden
D:2:      minmay_general_purpose_star, layout_loops_ring, uniq_terence
D:3:      layout_loops_ring
D:4:      layout_basic, solitary_fountain, uniq_edmund

Skill      XL: |  1  2  3  4  5  6 |
---------------+-------------------+-----
Conjurations   | 2 3 4 5 |  5.3
Air Magic      | 5 6 |  6.6
Spellcasting   | 3 4 |  4.0
Dodging        | |  2.1
Stealth        | |  2.0

Action                   |  1- 3 |  4- 6 || total
-------------------------+-------+-------++-------
Melee: Unarmed           |     7 |       ||     7
       Kick              |     2 |     7 ||     9
       Peck              |     1 |     9 ||    10
       Short sword       |     2 |    19 ||    21
 Cast: Shock             |    64 |    38 ||   102
       Static Discharge  |     1 |    16 ||    17
Armor: Robe              |     5 |     6 ||    11
Dodge: Dodged            |    22 |    29 ||    51
